 Dungeon Crawl Stone Soup version 0.21.0-24-g2553a3340b (webtiles) character file.

5087 GuyWithAPlan the Severer (level 10, -7/117 HPs)
             Began as a Hill Orc Fighter on Jan 22, 2018.
             Was a Follower of Uskayaw.
             Mangled by a hornet (9 damage)
             ... on level 9 of the Dungeon.
             The game lasted 00:18:08 (9308 turns).

GuyWithAPlan the Severer (Hill Orc Fighter)         Turns: 9308, Time: 00:18:09

Health: -7/117     AC: 25    Str: 22    XL:     10   Next: 57%
Magic:  10/10      EV:  2    Int:  8    God:    Uskayaw [*.....]
Gold:   557        SH:  9    Dex: 11    Spells: 9/9 levels left

rFire    + . .     SeeInvis .   h - +2 mace (protect)
rCold    . . .     Gourm    .   c - +0 shield
rNeg     + + +     Faith    .   (armour currently unavailable)
rPois    +         Spirit   .   (helmet currently unavailable)
rElec    .         Reflect  .   (cloak currently unavailable)
rCorr    .         Harm     +   (gloves currently unavailable)
MR       .....     NoTele   +   (boots currently unavailable)
Stlth    +.........             p - amulet of harm
HPRegen  0.29/turn              A - ring of wizardry
MPRegen  0.12/turn              H - ring of protection from fire

@: lethally poisoned (-7 -> -9), tree-form, slowed, drained, very slow
A: no striking features
a: Stomp, Renounce Religion


You were on level 9 of the Dungeon.
You worshipped Uskayaw.
Uskayaw was noncommittal.
You were not hungry.
You were a tree.
You visited 2 branches of the dungeon, and saw 10 of its levels.

You collected 557 gold pieces.

Inventory:

Hand Weapons
 a - a +0 war axe
 h - a +2 mace of protection (weapon)
 v - a cursed -1 whip
 I - a +1 trident of piercing
 O - a +3 flail
Armour
 b - a +0 scale mail
 c - a +0 shield (worn)
 r - a +0 helmet (melded)
 t - a +0 pair of gloves (melded)
 w - a +3 ring mail
 K - a +0 plate armour
 M - a +0 troll leather armour (melded)
Jewellery
 p - an amulet of harm (around neck)
 A - a ring of wizardry (left branch)
 B - an uncursed ring of wizardry
 H - a ring of protection from fire (right branch)
Wands
 y - a wand of clouds (8)
 E - a wand of polymorph (17)
 L - a wand of iceblast (7)
Scrolls
 e - 2 scrolls of identify
 g - 3 scrolls of magic mapping {unknown}
 l - a scroll of enchant weapon {unknown}
 m - 6 scrolls of teleportation {unknown}
 n - 3 scrolls of remove curse {unknown}
 q - a scroll of blinking {unknown}
 u - 2 scrolls of immolation {unknown}
 z - 2 scrolls of amnesia {unknown}
 D - a scroll of vulnerability {unknown}
 F - a scroll of random uselessness {unknown}
 J - a scroll of fear {unknown}
 P - a scroll of holy word {unknown}
 R - a scroll of fog {unknown}
Potions
 d - 2 potions of might
 j - 3 potions of mutation
 x - 2 potions of cancellation {unknown}
 C - a potion of degeneration {unknown}
 G - a potion of brilliance {unknown}
 Q - a potion of curing {unknown}
Books
 o - a book of Maledictions

   Spells                             Type                      Level
   a - Corona                         Hexes                        1
   b - Ensorcelled Hibernation        Hexes/Ice                    2
   c - Confuse                        Hexes                        3
   d - Tukima's Dance                 Hexes                        3
   e - Dazzling Spray                 Conjuration/Hexes            3
 N - a book of Flames

   Spells                             Type                      Level
   a - Flame Tongue                   Conjuration/Fire             1
   b - Throw Flame                    Conjuration/Fire             2
   c - Conjure Flame                  Conjuration/Fire             3
   d - Inner Flame                    Hexes/Fire                   3
   e - Sticky Flame                   Conjuration/Fire             4
   f - Fireball                       Conjuration/Fire             5
Comestibles
 f - 15 rations


   Skills:
 - Level 3.8(3.5) Fighting
 * Level 18.2(17.8) Axes
 - Level 3.4(3.2) Armour
 - Level 3.5(3.2) Shields


You had 9 spell levels left.
You didn't know any spells.

Dungeon Overview and Level Annotations

Branches:
Dungeon (9/15)             Temple (1/1) D:6
   Lair: D:8-11         Orc: D:9-12

Altars:
Cheibriados
Dithmenos
Hepliaklqana
Nemelex Xobeh
Okawaru
Qazlal
Ru
Trog
Uskayaw
Yredelemnul
The Shining One


Message History

The centaur hits you but does no damage.
The jelly jiggles.
You swing at nothing.
You feel less invigorated.
You feel less confused.
You feel sick.
The worker ant twitches its antennae in your direction.
The hornet stings you but does no damage.
The centaur hits you but does no damage.
You block the hornet's attack. You block the centaur's attack.
The hornet stings you!
* * * LOW HITPOINT WARNING * * *
You closely miss the hornet.
The hornet is severely wounded.
* * * LOW HITPOINT WARNING * * *
You feel sick.
The centaur hits you but does no damage.
The hornet stings you but does no damage.
The centaur hits you but does no damage.
The hornet stings you!
You die...

##################
#......<...)).....
#...........).....
#.................
######.................
##......................
........................
......y♣........(.......
...###c###........######
#J ##.......# .#
##......# a# ##.....# .#
#.....# .# #.....# .# ..


You could see a hornet, a centaur, a jelly and a worker ant.

Vanquished Creatures
  A two-headed ogre (D:6)
  The ghost of medis the Destroyer, a novice DEFE of Vehumet (D:8)
  The ghost of bjoernd the Basher, a novice GrBe of Trog (D:6)
  A troll (D:7)
  Menkaure (D:5)
  2 sky beasts (D:7)
  An orc warrior (D:6)
  2 phantoms
  6 centaurs
  5 bullfrogs
  A big kobold (D:8)
  2 scorpions
  3 killer bees (D:6)
  2 howler monkeys
  4 wights (D:8)
  3 crimson imps
  2 bullfrog zombies
  A centaur zombie (D:7)
  A centaur skeleton (D:5)
  6 orc wizards
  A gnoll shaman (D:5)
  9 orc priests
  A hound (D:7)
  4 jellies
  A bullfrog skeleton (D:7)
  8 iguanas
  2 worker ants
  A killer bee zombie (D:8)
  A hound zombie (D:8)
  2 hound skeletons
  3 gnolls
  8 adders
  An adder zombie (D:7)
  5 oozes
  An adder skeleton (D:5)
  6 worms
  4 dart slugs
  5 leopard geckos
  44 orcs
  3 ball pythons
  12 giant cockroaches
  11 goblins
  6 hobgoblins
  3 jackals (D:1)
  A quokka (D:2)
  4 bats
  6 frilled lizards
  A jackal zombie (D:8)
  12 kobolds
  A quokka zombie (D:5)
  5 rats (D:1)
  2 fungi (D:5)
220 creatures vanquished.

Notes
Turn   | Place    | Note
-------+----------+-------------------------------------------
     0 | D:1      | GuyWithAPlan the Hill Orc Fighter began the quest for the Orb.
     0 | D:1      | Reached XP level 1. HP: 19/19 MP: 1/1
     1 | D:1      | Found a runed door.
   382 | D:1      | Reached XP level 2. HP: 23/27 MP: 2/2
   447 | D:1      | Reached skill level 3 in Axes
   798 | D:1      | Reached skill level 4 in Axes
   798 | D:1      | Reached XP level 3. HP: 27/33 MP: 3/3
  1080 | D:2      | Reached skill level 5 in Axes
  1080 | D:2      | Reached XP level 4. HP: 40/40 MP: 4/4
  1258 | D:2      | Reached skill level 6 in Axes
  1258 | D:2      | Reached XP level 5. HP: 26/46 MP: 5/5
  1848 | D:3      | Noticed a centaur
  1864 | D:2      | Reached skill level 7 in Axes
  2715 | D:3      | Killed a centaur
  2715 | D:3      | Reached skill level 8 in Axes
  2715 | D:3      | Reached XP level 6. HP: 35/52 MP: 6/6
  3279 | D:4      | Reached skill level 9 in Axes
  3470 | D:4      | Reached XP level 7. HP: 27/58 MP: 7/7
  3782 | D:5      | Entered Level 5 of the Dungeon
  3815 | D:5      | Reached skill level 10 in Axes
  4073 | D:5      | Reached skill level 11 in Axes
  4073 | D:5      | Reached XP level 8. HP: 48/66 MP: 8/8
  4221 | D:5      | Found a hazy altar of Hepliaklqana.
  4833 | D:6      | Reached skill level 12 in Axes
  4915 | D:6      | Noticed bjoernd's ghost (novice GrBe)
  4975 | D:6      | Killed bjoernd's ghost
  4975 | D:6      | Reached skill level 13 in Axes
  4975 | D:6      | Reached XP level 9. HP: 40/71 MP: 9/9
  5095 | D:6      | Found a staircase to the Ecumenical Temple.
  5100 | D:6      | Found a stormy altar of Qazlal.
  5386 | D:6      | Reached skill level 14 in Axes
  5461 | D:6      | Noticed Menkaure
  5473 | D:5      | Killed Menkaure
  5885 | D:6      | Found a bloodstained altar of Trog.
  6285 | D:6      | Reached skill level 15 in Axes
  6535 | D:7      | Noticed a two-headed ogre
  6857 | Temple   | Entered the Ecumenical Temple
  6891 | Temple   | Became a worshipper of Uskayaw the Reveler
  7164 | D:6      | Reached * piety under Uskayaw
  7170 | D:6      | Reached ** piety under Uskayaw
  7173 | D:6      | Killed a two-headed ogre
  7173 | D:6      | Reached skill level 16 in Axes
  7556 | D:7      | Reached XP level 10. HP: 78/78 MP: 10/10
  7626 | D:6      | Found a shadowy altar of Dithmenos.
  7626 | D:6      | Found a basalt altar of Yredelemnul.
  7631 | D:6      | Reached *** piety under Uskayaw
  7760 | D:7      | Reached skill level 17 in Axes
  8147 | D:7      | Found a glowing golden altar of the Shining One.
  8680 | D:8      | Found a sacrificial altar of Ru.
  8681 | D:8      | Found a snail-covered altar of Cheibriados.
  8682 | D:8      | Found an iron altar of Okawaru.
  8721 | D:8      | Noticed medis's ghost (novice DEFE)
  8736 | D:8      | Killed medis's ghost
  8736 | D:8      | Reached **** piety under Uskayaw
  8943 | D:8      | Reached skill level 18 in Axes
  9297 | D:9      | Paralysed by a hornet for 2 turns
  9301 | D:9      | Paralysed by a hornet for 2 turns
  9305 | D:9      | HP: 3/117 [hornet (6)]
  9308 | D:9      | Mangled by a hornet

Skill      XL: |  1  2  3  4  5  6  7  8  9 10 |
---------------+-------------------------------+-----
Axes           | 4 5 6 8 9 11 13 16 18 | 18.2
Fighting       | |  3.8
Armour         | |  3.4
Shields        | |  3.5

Action                   |  1- 3 |  4- 6 |  7- 9 | 10-12 || total
-------------------------+-------+-------+-------+-------++-------
Melee: War axe           |    89 |       |       |       ||    89
       Mace              |    11 |   219 |   475 |   204 ||   909
       Flail             |       |       |       |    12 ||    12
Evoke: Wand              |       |       |     3 |       ||     3
  Use: Scroll            |       |     3 |       |       ||     3
       Potion            |       |     1 |     1 |     4 ||     6
 Stab: Paralysed         |       |       |       |     6 ||     6
  Eat: Chunk             |     1 |     8 |    11 |     5 ||    25
       Ration            |       |       |     1 |       ||     1
Armor: Scale mail        |    49 |    80 |       |       ||   129
       Ring mail         |       |    27 |   255 |    52 ||   334
       Troll leather arm |       |       |       |    76 ||    76
       Skin              |       |       |       |    37 ||    37
Dodge: Dodged            |    33 |    65 |   164 |    95 ||   357
Block: Shield            |    44 |   117 |   237 |   156 ||   554
